 Dungeon Crawl Stone Soup version 0.30-a0-726-gd89dcf765f (webtiles) character file.

Game seed: 16167231024507025003

3230 Oxelix the Carver (level 9, -1/74 HPs)
             Began as a Demonspawn Gladiator on Jan 29, 2023.
             Was a Priest of Wu Jian.
             Slain by a wolf (5 damage)
             ... in a bailey.
             The game lasted 00:15:12 (7103 turns).

Oxelix the Carver (Demonspawn Gladiator)            Turns: 7103, Time: 00:15:12

Health: -1/74      AC: 15    Str: 15    XL:     9   Next: 66%
Magic:  9/9        EV: 12    Int:  9    God:    Wu Jian [***...]
Gold:   357        SH:  5    Dex: 19    Spells: 8/8 levels left

rFire   + + .      SeeInvis .    z - +0 great sword (heavy)
rCold   + . .      Faith    .    (shield currently unavailable)
rNeg    . . .      Spirit   .    A - +1 leather armour {rF+}
rPois   .          Reflect  +    (helmet restricted)
rElec   .          Harm     .    H - scarf {rC+ rF+}
rCorr   .          Rampage  .    (no gloves)
Will    .....                    i - +0 pair of boots
Stlth   +                        f - amulet of reflection
HPRegen 0.32/turn                k - +4 ring of protection
MPRegen 0.11/turn                F - +4 ring of protection

@: weakened
A: horns 2, slimy green scales 1, powered by pain 1
a: Renounce Religion, Wall Jump, Serpent's Lash


You were in a bailey.
You worshipped Wu Jian.
Wu Jian was most pleased with you.
You visited 2 branches of the dungeon, and saw 8 of its levels.
You also visited: Sewer, Ossuary and Bailey.

You collected 357 gold pieces.

Inventory:

Hand Weapons
 u - a +0 sling
 z - a +0 heavy great sword (weapon)
Missiles
 d - 5 throwing nets (quivered)
 e - a javelin
 E - 29 poisoned darts
 O - 2 silver javelins
 P - a curare-tipped dart
Armour
 c - a +0 helmet
 i - a +0 pair of boots (worn)
 A - a +1 leather armour of fire resistance (worn)
 H - a scarf of resistance (worn)
Jewellery
 f - an amulet of reflection (around neck)
 h - a ring of resist corrosion
 k - a +4 ring of protection (left hand)
 F - a +4 ring of protection (right hand)
 N - a ring of see invisible
 T - an amulet of regeneration
Wands
 y - a wand of paralysis (3)
Scrolls
 g - 8 scrolls of teleportation
 r - a scroll of blinking
 t - a scroll of enchant weapon {unknown}
 v - 3 scrolls of enchant armour
 w - 4 scrolls of fear {unknown}
 x - a scroll of poison {unknown}
 B - a scroll of torment {unknown}
 C - a scroll of fog {unknown}
 D - a scroll of amnesia {unknown}
 I - 2 scrolls of acquirement {unknown}
 K - 4 scrolls of immolation {unknown}
 S - a scroll of vulnerability {unknown}
Potions
 j - 6 potions of flight
 l - 2 potions of attraction {unknown}
 m - 3 potions of lignification
 n - 3 potions of degeneration {unknown}
 o - a potion of magic {unknown}
 q - 4 potions of might
 s - a potion of heal wounds
 G - a potion of ambrosia {unknown}
 J - 2 potions of cancellation {unknown}
 L - 4 potions of haste {unknown}
 M - a potion of curing {unknown}
 Q - 2 potions of brilliance {unknown}
 R - a potion of invisibility {unknown}
 U - a potion of berserk rage {unknown}


   Skills:
 + Level 8.1 Fighting
 * Level 10.6 Long Blades
 - Level 1.7 Throwing
 - Level 2.6 Dodging


You had 8 spell levels left.
You didn't know any spells.
Your spell library contained the following spells:

 Spells                   Type           Power      Damage    Failure   Level
 Beastly Appendage        Tmut           0%         N/A       45%         1
 Blink                    Tloc           0%         N/A       58%         2
 Lesser Beckoning         Tloc           0%         N/A       58%         2
 Momentum Strike          Conj/Tloc      0%         3d8       58%         2
 Wereblood                Tmut           0%         N/A       58%         2
 Ozocubu's Armour         Ice            0%         N/A       83%         3
 Spider Form              Tmut/Pois      0%         N/A       83%         3
 Ozocubu's Refrigeration  Ice            0%         4d7       100%        7


Dungeon Overview and Level Annotations

Branches:
Dungeon (7/15)             Temple (1/1) D:4           Sewer (visited)
Ossuary (visited)          Bailey (1/1)

Altars:
Ashenzari
Cheibriados
Fedhas
Gozag
Makhleb
Qazlal
Vehumet
Wu Jian
Yredelemnul

Shops:
D:1 (   D:6 [   D:7 !


Innate Abilities, Weirdness & Mutations

You have a pair of horns on your head.
You are partially covered in slimy green scales. (AC +2)
You sometimes gain a little power by taking damage.


Message History

You feel much better. The wolf misses you. The gnoll bouda barely misses you.
The wolf barely misses you.
You slice the wolf!!
You kill the wolf!
The Council accepts your kill.
The gnoll bouda gazes fiercely through you!
You feel as though you will be weak longer.
The gnoll bouda barely misses you.
The gnoll bouda hits you from afar with a +0 spear.
You lunge at the gnoll bouda.
You hit the gnoll bouda. Your headbutt misses the gnoll bouda.
The gnoll bouda is lightly wounded.
The gnoll hits you but does no damage.
The gnoll bouda hits you but does no damage.
You see here a wolf corpse.
You completely miss the wolf. The wolf barely misses you.
The gnoll hits you from afar with a +0 spear.
The gnoll bouda hits you from afar with a +0 halberd!
* * * LOW HITPOINT WARNING * * *
The gnoll bouda hits you with a +0 spear.
* * * LOW HITPOINT WARNING * * *
The wolf stops to sniff the ground.
You block the wolf's attack. The gnoll hits you but does no damage.
The gnoll closely misses you. The wolf closely misses you.
The gnoll bouda hits you but does no damage.
The gnoll bouda barks out a call to the hunt!
You hear a shout!
You hit the wolf.
The wolf is moderately wounded.
The wolf closely misses you.
The gnoll hits you from afar with a +0 halberd!
* * * LOW HITPOINT WARNING * * *
You block the wolf's attack. The gnoll closely misses you.
You block the gnoll bouda's attack. The gnoll bouda barely misses you.
The gnoll hits you but does no damage. The wolf closely misses you.
The gnoll barely misses you. The gnoll bouda barely misses you.
The gnoll bouda closely misses you.
You spin to attack the gnoll bouda, but your attack speed is too slow for a blow to land.
The wolf bites you.
You die...

≈..# ≈..# .≈♣ ≈..# .≈♣
≈..# ##### ..≈♣ ≈..#
##...## ..≈♣
≈..######.....###+##..≈♣
)..'...#)......#......≈♣
)..'...')..8...g@))...≈♣
...'..)#.......#)h....≈♣
≈(.######.....###g##..≈♣
≈..# ##...##.gg. .≈♣
≈..# #####.....# ≈♣ ≈..#
.......# ♣ ≈..#
.......## ≈..# ....8.##
≈≈.. ######


You could see a wolf, 2 gnoll boudas and a gnoll (swift).

Vanquished Creatures
  Grinder (D:6)
  A wraith (D:6)
  A vampire mosquito (D:6)
  Duvessa (D:6)
  A sky beast (D:7)
  A centaur (D:6)
  2 wolves (Bailey)
  2 kobold brigands (Sewer)
  2 elf zombies (Ossuary)
  A bullfrog (D:7)
  3 gnoll sergeants (Bailey)
  4 scorpions
  3 necrophages
  Dowan (D:6)
  A howler monkey (D:6)
  5 centaur zombies (Ossuary)
  7 hounds
  5 human zombies (Ossuary)
  4 gnoll boudas
  3 jellies
  2 iguanas
  2 orc wizards (D:5)
  3 mummies (Ossuary)
  Robin (D:2)
  10 gnolls
  10 adders
  3 river rats (Sewer)
  2 shadow imps
  A white imp (D:5)
  An ufetubus (D:5)
  3 worms
  6 dart slugs
  13 orcs
  12 ball pythons
  5 bats (D:1)
  11 endoplasms
  4 giant cockroaches
  19 goblins
  7 hobgoblins
  7 jackals (D:3)
  18 kobolds
  3 quokkas
  6 frilled lizards
  An orc zombie (D:4)
  28 rats
227 creatures vanquished.

Notes
Turn   | Place    | Note
-------+----------+-------------------------------------------
     0 | D:1      | Oxelix the Demonspawn Gladiator began the quest for the
                  | Orb.
     0 | D:1      | Reached XP level 1. HP: 16/16 MP: 1/1
     5 | D:1      | Noticed a minotaur skeleton
    17 | D:1      | Noticed a demonspawn zombie
    92 | D:1      | Found Jet Lim's Weapon Shop.
    97 | D:1      | Reached skill level 3 in Long Blades
   142 | D:1      | Gained mutation: You sometimes gain a little power by
                  | taking damage. [demonic ancestry]
   142 | D:1      | Reached XP level 2. HP: 22/22 MP: 2/2
   702 | D:1      | Gained mutation: You have a pair of small horns on your
                  | head. [demonic ancestry]
   702 | D:1      | Reached XP level 3. HP: 28/28 MP: 3/3
  1236 | D:2      | Noticed Robin
  1351 | D:2      | Reached skill level 4 in Long Blades
  1357 | D:2      | Reached XP level 4. HP: 34/34 MP: 4/4
  1411 | D:2      | Killed Robin
  3003 | D:4      | Reached XP level 5. HP: 40/41 MP: 5/5
  3218 | D:4      | Found a sand-covered staircase.
  3225 | Ossuary  | Entered an ossuary
  3243 | Ossuary  | Reached skill level 5 in Long Blades
  3246 | Ossuary  | Reached XP level 6. HP: 48/48 MP: 6/6
  3273 | Ossuary  | Reached skill level 6 in Long Blades
  3338 | Ossuary  | Reached XP level 7. HP: 55/55 MP: 7/7
  3444 | D:4      | Found a staircase to the Ecumenical Temple.
  3454 | D:4      | Reached skill level 5 in Fighting
  3473 | Temple   | Entered the Ecumenical Temple
  3581 | Temple   | Became a worshipper of the Wu Jian Council
  4026 | D:5      | Entered Level 5 of the Dungeon
  4033 | D:5      | Reached skill level 7 in Long Blades
  4534 | D:5      | Gained mutation: You are partially covered in slimy green
                  | scales. (AC +2) [demonic ancestry]
  4534 | D:5      | Reached XP level 8. HP: 63/63 MP: 8/8
  4771 | D:5      | Found a basalt altar of Yredelemnul.
  4776 | D:5      | Reached * piety under Wu Jian
  4904 | D:5      | Reached skill level 8 in Long Blades
  5044 | D:6      | Found a glowing drain.
  5072 | Sewer    | Entered a sewer
  5264 | Sewer    | Reached ** piety under Wu Jian
  5839 | D:6      | Noticed Grinder
  5844 | D:6      | Killed Grinder
  5845 | D:6      | Reached skill level 9 in Long Blades
  6145 | D:6      | Gained mutation: You have a pair of horns on your head.
                  | [demonic ancestry]
  6145 | D:6      | Reached XP level 9. HP: 70/72 MP: 9/9
  6458 | D:6      | Noticed Dowan
  6458 | D:6      | Noticed Duvessa
  6466 | D:6      | Killed Dowan
  6478 | D:6      | Killed Duvessa
  6665 | D:6      | Found Istedad's Antique Armour Shop.
  6792 | D:7      | Found Kilaotet's Antique Armour Boutique.
  6822 | D:7      | Reached skill level 10 in Long Blades
  6833 | D:7      | Found Lionoquv's Distillery.
  6836 | D:7      | Found a flagged portal.
  6860 | Bailey   | Entered a bailey
  7065 | Bailey   | Reached *** piety under Wu Jian
  7102 | Bailey   | HP: 3/74 [gnoll/+0 halberd (10)]
  7103 | Bailey   | Slain by a wolf

Illustrated notes

Levels and vault maps discovered:
D:1:      shiori_arrival_whats_in_store_for_you, layout_basic, serial_shops,
          shop_statue, kennysheep_another_room, minmay_hedge_maze,
          dk_noncrumbling_3
D:2:      layout_basic, kennysheep_small_spiral, chequers_serial_rivers_large_b,
          minmay_pentomino_o2, uniq_robin
D:3:      layout_basic
D:4:      layout_loops_ring, minmay_temple_entry_tees, enter_ossuary_3
D:5:      layout_loops_ring, zin_scriptorium,
          mainiacjoe_overflow_small_starburst
D:6:      layout_gridville, portal_sewer_entry_a, serial_shops, kennysheep_mini,
          minmay_three_doors, uniq_grinder, uniq_duvessa
D:7:      layout_cave_pools, nemelex_spade_bored_becter,
          beargit_hepliaklqana_dungeon_heroes, lemuel_coloured_pillars_altar,
          serial_shops, nicolae_shop_crystal, shop, shop, nicolae_stop_n_shop_2,
          enter_bailey_4, minmay_mini_ossuary
Temple:   eino_temple_lava
Bailey:   bailey_polearm_gnolls_kennysheep, bailey

Skill      XL: |  1  2  3  4  5  6  7  8  9 |
---------------+----------------------------+-----
Long Blades    | 3 4 5 6 7 9 10 | 10.6
Fighting       | 3 4 5 7 8 |  8.1
Throwing       | |  1.7
Dodging        | |  2.6

Action                     |  1- 3 |  4- 6 |  7- 9 || total
---------------------------+-------+-------+-------++-------
  Melee: Long sword        |   102 |    39 |       ||   141
         Headbutt          |     7 |    15 |    43 ||    65
         Great sword       |       |    74 |   279 ||   353
Ability: Lunge             |       |       |    22 ||    22
         Whirlwind         |       |       |     7 ||     7
         Wall Jump         |       |       |     1 ||     1
    Use: Scroll            |       |       |    10 ||    10
         Potion            |       |       |     4 ||     4
   Stab: Sleeping          |     1 |     3 |     2 ||     6
 Armour: Leather armour    |    18 |    63 |   185 ||   266
  Dodge: Dodged            |    68 |    68 |   291 ||   427
  Block: Other             |    16 |    35 |    98 ||   149
         Reflection        |       |     1 |     1 ||     2

Table legend: (Time is in decaauts)
 A = Elapsed time spent in this place.
 B = Non-inter-level travel time spent in this place.
 C = Inter-level travel time spent in this place.
 D = Time resting spent in this place.
 E = Time spent auto-exploring this place.
 F = Levels seen in this place.
 G = Mean time per level.
                   A        B        C        D        E       F      G
               +--------+--------+--------+--------+--------+-----+--------+
         Total |   7480 |   7200 |    280 |    552 |   4675 |  11 |  680.0 |
       Dungeon |   6320 |   6040 |    280 |    415 |   4205 |   7 |  902.9 |
        Temple |    116 |    116 |      0 |      0 |     65 |   1 |  116.0 |
         Sewer |    586 |    586 |      0 |      0 |    328 |   1 |  586.0 |
       Ossuary |    189 |    189 |      0 |      0 |     61 |   1 |  189.0 |
        Bailey |    267 |    267 |      0 |    137 |     16 |   1 |  267.0 |
               +--------+--------+--------+--------+--------+-----+--------+

Top non-repeatable levels by time:
     D:6: 1274 daAuts
     D:2: 1189 daAuts
     D:5: 1062 daAuts
     D:3: 953 daAuts
     D:1: 936 daAuts
     D:4: 824 daAuts
   Sewer: 586 daAuts
  Bailey: 267 daAuts
 Ossuary: 189 daAuts
  Temple: 116 daAuts
     D:7: 80 daAuts
